 Dungeon Crawl Stone Soup version 0.24-a0-524-gf43b32f898 (webtiles) character file.

Game seed: 4418160434623328922

0 Gargoyl the Skirmisher (level 1, -2/19 HPs)
             Began as a Centaur Abyssal Knight on July 31, 2019.
             Was a Follower of Lugonu.
             Slain by a worldbinder (5 damage)
             ... on level 1 of the Abyss.
             The game lasted 00:00:36 (111 turns).

Gargoyl the Skirmisher (Centaur Abyssal Knight)      Turns: 111, Time: 00:00:37

Health: -2/19      AC:  0    Str: 10    XL:     1   Next: 0%
Magic:  2/2        EV: 17    Int:  7    God:    Lugonu [*.....]
Gold:   0          SH:  0    Dex:  9    Spells: 0/0 levels left

rFire    . . .     SeeInvis .   (weapon currently unavailable)
rCold    . . .     Gourm    .   (shield currently unavailable)
rNeg     . . .     Faith    .   (armour currently unavailable)
rPois    .         Spirit   .   (helmet currently unavailable)
rElec    .         Reflect  .   (cloak currently unavailable)
rCorr    .         Harm     .   (gloves currently unavailable)
MR       .....                  (no barding)
Stlth    +.........             (no amulet)
HPRegen  0.00/turn              (ring currently unavailable)
MPRegen  0.08/turn              (ring currently unavailable)

@: bat-form, flying, non-regenerating, diseased, slowed, quick
A: tiny, [blurry vision 3], [clumsy 2], [dopey 2], [weak 2]
a: Depart the Abyss, Renounce Religion


You were on level 1 of the Abyss.
You worshipped Lugonu.
Lugonu was aware of your devotion.
You were not hungry.
You were in bat-form.
You visited 0 branches of the dungeon, and saw 0 of its levels.
You visited the Abyss 1 time.

Inventory:

Hand Weapons
 a - a +1 hand axe (melded)
Armour
 b - a +0 leather armour (melded)
Comestibles
 c - a ration


   Skills:
 + Level 3.0 Fighting
 + Level 1.7 Axes
 + Level 1.3 Armour
 + Level 0.6 Dodging
 + Level 2.0 Invocations


You couldn't memorise any spells.
You didn't know any spells.
Your spell library was empty.

Dungeon Overview and Level Annotations

Branches:
Dungeon (0/15)

Altars:


Innate Abilities, Weirdness & Mutations

((You have hooves in place of feet.))
((Armour fits poorly on your strangely shaped body.))
((You cover ground very quickly.))
((You have extremely tough skin. (AC +3)))
[Scrolls take you much longer to read.]
[You are very clumsy. (Dex -4)]
[You are very dopey. (Int -4)]
[You are very weak. (Str -4)]


Message History

Unknown command.
You hit the wraith but do no damage. Your kick misses the wraith.
The worldbinder calls forth creatures from the Crypt!
The wraith closely misses you.
The apocalypse crab breathes chaos at you.
The blast of chaos engulfs the worldbinder but does no damage.
You feel ill.
The worldbinder is engulfed in seething chaos.
The worldbinder seems to speed up.
You hit the wraith but do no damage.
You are engulfed in seething chaos.
You turn into a bat.
Your +1 hand axe melds into your body.
Your +0 leather armour melds into your body.
The wraith disappears in a puff of smoke!
The worldbinder is engulfed in seething chaos.
The worldbinder seems to slow down.
The worldbinder is engulfed in seething chaos.
The worldbinder flickers and vanishes!
Deactivating autopickup; reactivate with Ctrl-A.
Something hits you.
You die...

.. #..# ### #..
#b## #.
###{####
###..#.ยง#..# #
....#tW#
.#..#..WW#
#.#..#x## ..#
#...#...# ##
#w..#X....#...#
#... ........##


You could see an ancient zyme, an apocalypse crab, a wraith and 2 shadows.

Vanquished Creatures (others)
  4 starspawn tentacles (Abyss:1)
4 creatures vanquished.

Notes
Turn   | Place    | Note
-------+----------+-------------------------------------------
     0 | Abyss:1  | Gargoyl the Centaur Abyssal Knight began the quest for the
                  | Orb.
     0 | Abyss:1  | Reached XP level 1. HP: 19/19 MP: 2/2
     0 | Abyss:1  | Found a corrupted altar of Lugonu.
    23 | Abyss:1  | Found a corrupted altar of Lugonu.
    34 | Abyss:1  | Noticed an insubstantial wisp
    43 | Abyss:1  | Noticed a wraith
    49 | Abyss:1  | Noticed a small abomination
    51 | Abyss:1  | Noticed a rakshasa
    66 | Abyss:1  | Noticed a smoke demon
    73 | Abyss:1  | Noticed an ancient zyme
    84 | Abyss:1  | Noticed a worldbinder
    88 | Abyss:1  | Noticed a wretched star
    90 | Abyss:1  | Noticed a wraith
    90 | Abyss:1  | Noticed a shadow
    91 | Abyss:1  | Noticed a shadow
    96 | Abyss:1  | Noticed an apocalypse crab
    96 | Abyss:1  | Noticed a tentacled starspawn
   101 | Abyss:1  | Noticed a shadow
   101 | Abyss:1  | Noticed a wraith
   111 | Abyss:1  | Noticed a shadow
   111 | Abyss:1  | Noticed a wraith
   111 | Abyss:1  | Noticed a shadow
   111 | Abyss:1  | Slain by a worldbinder

Levels and vault maps discovered:
Abyss:1

Action                   || total
-------------------------++-------
Melee: Hand axe          ||     4
  Use: Scroll            ||     1
Dodge: Dodged            ||     3

Table legend:
 A = Non-vault XP
 B = Vault XP
 C = Vault XP percentage of total XP
 D = Non-vault monster count
 E = Vault monster count
 F = Vault count percentage of total count
                 A         B        C        D         E       F
            +---------+---------+-------+---------+---------+-------
      Total |       0 |       0 |   N/A |       0 |       0 |  -nan
            +---------+---------+-------+---------+---------+-------
            +---------+---------+-------+---------+---------+-------
